 Dungeon Crawl Stone Soup version 0.29-a0-495-g17b79114eb (webtiles) character file.

Game seed: 16625475936069913051

106 grumblor the Skirmisher (level 4, -4/37 HPs)
             Began as a Mummy Fighter on May 27, 2022.
             Splashed by a jelly's acid (10 damage)
             ... on level 4 of the Dungeon.
             The game lasted 00:03:34 (2687 turns).

grumblor the Skirmisher (Mummy Fighter)             Turns: 2687, Time: 00:03:35

Health: -4/37      AC:  0    Str: 21    XL:     4   Next: 55%
Magic:  4/4        EV:  9    Int:  7    God:
Gold:   116        SH:  4    Dex: 11    Spells: 3/3 levels left

rFire   x . .      SeeInvis .   a - +0 war axe
rCold   + . .      Faith    .   c - +0 buckler
rNeg    + + +      Spirit   .   b - +0 scale mail
rPois   ∞          Reflect  .   i - +0 helmet
rElec   .          Harm     .   (no cloak)
rCorr   .          Rampage  .   (no gloves)
Will    .....                   e - +0 pair of boots
Stlth   ..........              (no amulet)
HPRegen 0.12/turn               (no ring)
MPRegen 0.09/turn               (no ring)

@: corroded
A: cold resistance 1, negative energy resistance 3, torment resistance 2, heat
vulnerability 1, in touch with death 1, no potions
a: no special abilities


You were on level 4 of the Dungeon.
You visited 1 branch of the dungeon, and saw 4 of its levels.

You collected 116 gold pieces.

Inventory:

Hand Weapons
 a - a +0 war axe (weapon)
Missiles
 d - 4 poisoned darts (quivered)
Armour
 b - a +0 scale mail (worn)
 c - a +0 buckler (worn)
 e - a +0 pair of boots (worn)
 i - a +0 helmet (worn)
Scrolls
 f - a scroll of torment
 g - 3 scrolls of teleportation
 h - 2 scrolls of magic mapping


   Skills:
 * Level 3.9 Fighting
 + Level 2.6 Axes
 * Level 1.0 Throwing
 - Level 2.4 Armour
 * Level 1.2 Dodging
 - Level 2.4 Shields


You had 3 spell levels left.
You didn't know any spells.
Your spell library contained the following spells:

 Spells                   Type           Power      Damage    Failure   Level
 Corpse Rot               Necr/Pois/Air  0%         N/A       100%        4
 Dispel Undead            Necr           0%         3d6       100%        4
 Death Channel            Necr           0%         N/A       100%        6


Dungeon Overview and Level Annotations

Branches:
Dungeon (4/15)
 Temple: D:4-7

Altars:

Shops:
D:2 *


Innate Abilities, Weirdness & Mutations

You are immune to poison.
Your flesh is cold resistant. (rC+)
You are immune to negative energy. (rN+++)
You are immune to unholy pain and torment.
You are vulnerable to heat. (rF-)
You are in touch with the powers of death.
You do not drink.


Message History

The orc shouts!
The hobgoblin shouts!
You hear a shout!
Found a leather armour and a fuming golden potion.
Found an escape hatch in the ceiling.
Found two stone staircases leading up.
There is a stone staircase leading up here.
There are monsters nearby!
An orc comes into view. It is wielding a +0 hand axe.
You slash the hobgoblin!
You kill the hobgoblin!
An orc comes into view. It is wielding a +0 dagger.
The orc shouts!
You hear a shout!
An orc comes into view. It is wielding a +0 short sword.
The jelly hits you. The acid corrodes you!
You are splashed with acid!
The orc shouts!
You barely miss the jelly. You hit the orc. The jelly hits you.
The acid corrodes you!
You are splashed with acid!
The orc barely misses you.
You are too injured to fight recklessly!
You are too injured to fight recklessly!
You are too injured to fight recklessly!
Unknown command.
You are too injured to fight recklessly!
Unknown command.
You are too injured to fight recklessly!
Unknown command.
Unknown command.
You hit the jelly.
Your hands burn!
The jelly is moderately wounded.
You closely miss the orc.
An orc comes into view. It is wielding a +0 club.
You block the jelly's attack. The orc closely misses you.
You block the jelly's attack.
Unknown command.
You hit the jelly.
Your hands burn!
* * * LOW HITPOINT WARNING * * *
The jelly is heavily wounded.
You hit the orc.
You kill the orc!
You barely miss the orc. The jelly hits you.
* * * LOW HITPOINT WARNING * * *
You are splashed with acid!
You die...

##########
#<)oo...<.
#†@..o..o.
#..J......
#.........
#.......<.
#.........
#...[.<...
#.....!...
#.........


You could see a jelly and 4 orcs.

Vanquished Creatures
  An orc wizard (D:3)
  Robin (D:2)
  An adder (D:2)
  A dart slug (D:1)
  4 orcs
  6 bats
  4 endoplasms
  A giant cockroach (D:2)
  11 goblins
  6 hobgoblins
  2 quokkas (D:1)
  3 ball pythons
  3 frilled lizards (D:1)
  4 kobolds
  8 rats
56 creatures vanquished.

Notes
Turn   | Place    | Note
-------+----------+-------------------------------------------
     0 | D:1      | grumblor the Mummy Fighter began the quest for the Orb.
     0 | D:1      | Reached XP level 1. HP: 18/18 MP: 1/1
   228 | D:1      | Reached XP level 2. HP: 24/24 MP: 2/2
   748 | D:1      | Found a faded altar of an unknown god.
  1094 | D:2      | Gained mutation: You are in touch with the powers of death.
                  | [Mummy growth]
  1094 | D:2      | Reached XP level 3. HP: 29/29 MP: 3/3
  1144 | D:2      | Noticed Robin
  1153 | D:2      | Killed Robin
  1312 | D:2      | Found Lyvoifir's Assorted Antiques.
  1766 | D:2      | Reached skill level 1 in Dodging
  2006 | D:3      | Reached XP level 4. HP: 25/37 MP: 4/4
  2014 | D:3      | Reached skill level 1 in Throwing
  2687 | D:4      | Splashed by a jelly's acid

Illustrated notes

Levels and vault maps discovered:
D:1:      spicycebolla_arrival_xxxplode, layout_loops_ring,
          dreamdust_ecumenical_altar_hidden_monk_grotto, st_stairs_10,
          minmay_misc_feat_diagonals, nrook_campfire
D:2:      layout_basic, serial_shops, shop, uniq_robin
D:3:      layout_basic, lemuel_old_faithful
D:4:      layout_basic, gammafunk_ghost_smash, eino_tiny_chamber, moated_statue

Skill      XL: |  1  2  3  4 |
---------------+-------------+-----
Axes           | 2 |  2.6
Dodging        | 1 |  1.2
Throwing       | 1 |  1.0
Fighting       | |  3.9
Armour         | |  2.4
Shields        | |  2.4

Action                   |  1- 3 |  4- 6 || total
-------------------------+-------+-------++-------
Melee: War axe           |   118 |    26 ||   144
  Use: Scroll            |     3 |       ||     3
Armor: Scale mail        |    79 |    10 ||    89
Dodge: Dodged            |    73 |     6 ||    79
Block: Buckler           |    22 |     5 ||    27

Table legend: (Time is in decaauts)
 A = Elapsed time spent in this place.
 B = Non-inter-level travel time spent in this place.
 C = Inter-level travel time spent in this place.
 D = Time resting spent in this place.
 E = Time spent auto-exploring this place.
 F = Levels seen in this place.
 G = Mean time per level.
                   A        B        C        D        E       F      G
               +--------+--------+--------+--------+--------+-----+--------+
         Total |   2750 |   2638 |    112 |    241 |   1996 |   4 |  687.5 |
       Dungeon |   2750 |   2638 |    112 |    241 |   1996 |   4 |  687.5 |
               +--------+--------+--------+--------+--------+-----+--------+

Top non-repeatable levels by time:
     D:2: 993 daAuts
     D:1: 980 daAuts
     D:3: 766 daAuts
     D:4: 8 daAuts
